 Dungeon Crawl Stone Soup version 0.19.0-2-gae57169 (webtiles) character file.

137 Jerry the Chopper (level 5, 0/41 HPs)
             Began as a Formicid Berserker on Nov 6, 2016.
             Was a Believer of Trog.
             Killed by divine providence
             ... invoked by an orc priest
              (12 damage)
             ... on level 4 of the Dungeon.
             The game lasted 00:09:25 (2645 turns).

Jerry the Chopper (Formicid Berserker)              Turns: 2645, Time: 00:09:28

Health: 0/41       AC: 12    Str: 21    XL:     5   Next: 44%
Magic:  5/5        EV:  6    Int:  5    God:    Trog [**....]
Gold:   189        SH:  0    Dex: 11    Spells: 0 memorised, 4 levels left

rFire  . . .     SeeInvis +     a - +0 hand axe
rCold  . . .     Gourm    .     s - +0 plate armour (curse)
rNeg   . . .     Faith    .     (no shield)
rPois  .         Spirit   .     (helmet unavailable)
rElec  .         Reflect  .     (no cloak)
rCorr  .         Harm     .     (no gloves)
MR     +....                    D - +0 pair of boots
Stlth  ..........               (no amulet)
                                B - -2 ring of intelligence (curse)
                                j - ring of protection from magic

@: lethally poisoned (0 -> -9)
A: permanent stasis, dig shafts and tunnels, four strong arms, antennae 3
a: Dig, Shaft Self, Trog's Hand, Burn Spellbooks, Renounce Religion


You were on level 4 of the Dungeon.
You worshipped Trog.
Trog was pleased with you.
You were very hungry.

You visited 1 branch of the dungeon, and saw 4 of its levels.

You collected 189 gold pieces.

Inventory:

Hand Weapons
 a - a +0 hand axe (weapon)
 r - a cursed -3 short sword
Missiles
 i - 3 needles of confusion
 A - 7 silver tomahawks (quivered)
Armour
 b - a +0 animal skin
 l - a cursed +0 large shield
 s - a cursed +0 plate armour (worn)
 y - a cursed +0 ring mail
 D - a +0 pair of boots (worn)
Jewellery
 j - a ring of protection from magic (left hand)
 o - an uncursed ring of resist corrosion
 B - a cursed -2 ring of intelligence (right hand)
Wands
 t - a wand of iceblast (8/15)
Scrolls
 f - 6 scrolls of identify {unknown}
 g - 2 scrolls of blinking {unknown}
 h - 3 scrolls of fear {unknown}
 n - a scroll of enchant weapon {unknown}
 p - 2 scrolls of fog {unknown}
 q - 2 scrolls of amnesia {unknown}
 u - a scroll of recharging {unknown}
 w - a scroll of noise {unknown}
 x - a scroll of random uselessness {unknown}
Potions
 e - a potion of lignification {unknown}
 k - a potion of haste {unknown}
 m - 2 potions of brilliance {unknown}
 v - 2 potions of might {unknown}
 z - a potion of curing {unknown}
 E - a potion of beneficial mutation {unknown}
Comestibles
 c - 2 bread rations
 d - a beef jerky
 C - 3 fruits


   Skills:
 - Level 3.2 Fighting
 + Level 4.2 Axes
 + Level 3.9 Armour
 - Level 1.7 Dodging
 + Level 2.5 Shields


You had 4 spell levels left.
You didn't know any spells.

Dungeon Overview and Level Annotations

Branches:
Dungeon (4/15)
 Temple: D:4-7

Altars:
Uskayaw


Innate Abilities, Weirdness & Mutations

You are under a permanent stasis effect.
You can dig through walls and to a lower floor.
Your four strong arms can wield two-handed weapons with a shield.
You have a pair of large antennae on your head. (SInv)


Message History

You feel sick.
The worker ant bites you but does no damage.
You hit the worker ant.
The worker ant is heavily wounded.
You feel sick.
The orc priest mumbles some strange prayers to Beogh against you.
Beogh smites you!
The worker ant bites you but does no damage.
You hit the worker ant.
The worker ant is heavily wounded.
You feel sick.
The worker ant bites you but does no damage.
The worker ant barely misses you.
Your plate armour prevents you from hitting the worker ant.
The worker ant is heavily wounded.
You feel sick.
The worker ant bites you but does no damage.
The orc priest invokes the aid of Beogh against you.
Beogh smites you!
You die...

#.# #.# # #.# #o
#.# #.. #.# #...
#.# ..... #.#
......#########
#.#
......owooa@..#
#.#
......#######.##
#.# ##### #...#
#.# #...# #.#
#####.(.####.#
#.............#
#.####...######
#...# ).....


You could see a worker ant, an orc priest, an orc wizard, a dart slug and an
orc.

Vanquished Creatures
  A worker ant (D:3)
  4 adders
  An adder skeleton (D:3)
  2 worms
  A dart slug (D:2)
  A leopard gecko (D:1)
  2 orcs
  3 giant cockroaches
  5 goblins
  12 hobgoblins
  4 jackals (D:3)
  5 kobolds
  2 quokkas (D:2)
  11 bats
  5 frilled lizards
  5 rats
64 creatures vanquished.

Notes
Turn   | Place    | Note
-------+----------+-------------------------------------------
     0 | D:1      | Jerry the Formicid Berserker began the quest for the Orb.
     0 | D:1      | Reached XP level 1. HP: 18/18 MP: 1/1
    86 | D:1      | Reached XP level 2. HP: 21/24 MP: 2/2
   421 | D:1      | Reached XP level 3. HP: 21/29 MP: 3/3
  1049 | D:2      | Noticed a hand axe
  1051 | D:2      | Found a hide-covered altar of Uskayaw.
  1051 | D:2      | Noticed a dagger
  1114 | D:2      | Reached ** piety under Trog
  1244 | D:2      | Reached skill level 1 in Shields
  1289 | D:2      | Reached XP level 4. HP: 35/35 MP: 4/4
  1848 | D:3      | Reached skill level 4 in Axes
  1848 | D:3      | Reached XP level 5. HP: 22/41 MP: 5/5
  2645 | D:4      | Killed from afar by an orc priest

Skill      XL: |  1  2  3  4 |
---------------+-------------+-----
Armour         | 3 |  3.9
Shields        | 1 2 |  2.5
Axes           | 4 |  4.2
Fighting       | |  3.2
Dodging        | |  1.7

Action                   |  1- 3 |  4- 6 || total
-------------------------+-------+-------++-------
Melee: Hand axe          |   134 |   145 ||   279
 Abil: Dig               |     4 |     1 ||     5
 Stab: Sleeping          |     1 |       ||     1
  Eat: Chunk             |     2 |     3 ||     5
Armor: Animal skin       |    12 |       ||    12
       Plate armour      |    65 |    98 ||   163
Dodge: Dodged            |    78 |    45 ||   123
